 Dungeon Crawl Stone Soup version 0.30-a0-728-gc68057be0a (webtiles) character file.

Game seed: 15006057167452790093

161 dialectric the Covered (level 5, -1/33 HPs)
             Began as a Gargoyle Fighter on Jan 30, 2023.
             Slain by a gnoll sergeant
             ... wielding a +0 trident
              (7 damage)
             ... on level 2 of the Dungeon.
             The game lasted 00:03:02 (2136 turns).

dialectric the Covered (Gargoyle Fighter)           Turns: 2136, Time: 00:03:02

Health: -1/33      AC: 12    Str: 25    XL:     5   Next: 42%
Magic:  5/5        EV: 10    Int:  9    God:
Gold:   117        SH:  0    Dex: 11    Spells: 4/4 levels left

rFire   . . .      SeeInvis .    a - +0 long sword
rCold   . . .      Faith    .    (no shield)
rNeg    + . .      Spirit   .    b - +0 scale mail
rPois   ∞          Reflect  .    k - +1 hat
rElec   +          Harm     .    (no cloak)
rCorr   .          Rampage  .    (no gloves)
Will    .....                    (no boots) Stlth
                                 (no amulet)
HPRegen 0.25/turn                o - +6 ring of strength
MPRegen 0.09/turn                (no ring)

@: no status effects
A: sickness immunity, AC +4, negative energy resistance 1, electricity
resistance, torment resistance 1, petrification resistance
a: no special abilities


You were on level 2 of the Dungeon.
You visited 1 branch of the dungeon, and saw 3 of its levels.

You collected 117 gold pieces.

Inventory:

Hand Weapons
 a - a +0 long sword (weapon)
Missiles
 i - 2 javelins (quivered)
Armour
 b - a +0 scale mail (worn)
 c - a +0 buckler
 k - a +1 hat (worn)
Jewellery
 o - a +6 ring of strength (left hand)
 q - a ring of fire
Wands
 n - a wand of polymorph (2)
Scrolls
 f - 2 scrolls of enchant weapon {unknown}
 g - a scroll of teleportation {unknown}
 j - a scroll of acquirement {unknown}
 m - 2 scrolls of identify {unknown}
 r - a scroll of silence {unknown}
 s - a scroll of fear {unknown}
Potions
 d - a potion of might
 e - a potion of lignification {unknown}
 h - 3 potions of curing {unknown}
 l - 2 potions of haste {unknown}
 p - 2 potions of flight {unknown}


   Skills:
 + Level 4.1 Fighting
 + Level 3.7 Long Blades
 * Level 4.2 Armour
 + Level 0.5 Dodging
 - Level 3.2 Shields


You had 4 spell levels left.
You didn't know any spells.
Your spell library contained the following spells:

 Spells                   Type           Power      Damage    Failure   Level
 Lesser Beckoning         Tloc           0%         N/A       80%         2
 Dazzling Flash           Conj/Hex       0%         N/A       95%         3
 Gell's Gravitas          Tloc           0%         N/A       95%         3
 Teleport Other           Tloc           0%         N/A       95%         3
 Agony                    Necr           0%         N/A       100%        5
 Silence                  Hex/Air        0%         N/A       100%        5


Dungeon Overview and Level Annotations

Branches:
Dungeon (3/15)

Altars:


Innate Abilities, Weirdness & Mutations

You are immune to sickness and miasma.
Your stone body is resilient. (AC +4)
You are immune to poison.
You resist negative energy. (rN+)
You are resistant to electric shocks. (rElec)
You are resistant to unholy torment.
You are immune to petrification.


Message History

You are too injured to fight recklessly!
You are too injured to fight recklessly!
You are too injured to fight recklessly!
You are too injured to fight recklessly!
You are too injured to fight recklessly!
You are too injured to fight recklessly!
You hit the gnoll sergeant but do no damage.
The gnoll sergeant is moderately wounded.
The gnoll sergeant barely misses you.
You hit the gnoll sergeant.
The gnoll sergeant is moderately wounded.
The gnoll sergeant hits you but does no damage.
You hit the gnoll sergeant but do no damage.
The gnoll sergeant is moderately wounded.
The gnoll sergeant closely misses you.
You hit the gnoll sergeant.
The gnoll sergeant is heavily wounded.
The gnoll sergeant hits you but does no damage.
You hit the gnoll sergeant but do no damage.
The gnoll sergeant is heavily wounded.
The gnoll sergeant hits you but does no damage. x2
You hit the gnoll sergeant but do no damage.
The gnoll sergeant is heavily wounded.
The gnoll sergeant hits you with a +0 trident.
You slash the gnoll sergeant!
The gnoll sergeant is severely wounded.
The gnoll sergeant hits you with a +0 trident.
* * * LOW HITPOINT WARNING * * *
You barely miss the gnoll sergeant.
The gnoll sergeant is severely wounded.
The gnoll sergeant hits you with a +0 trident.
* * * LOW HITPOINT WARNING * * *
You hit the gnoll sergeant but do no damage.
The gnoll sergeant is severely wounded.
The gnoll sergeant barely misses you.
You barely miss the gnoll sergeant.
The gnoll sergeant is severely wounded.
The gnoll sergeant hits you but does no damage.
The gnoll sergeant hits you with a +0 trident!
You die...

#.# #.# #..##.###.#####
#.# #.# ##.###.....#
#.#####.# ##..#########
#..)..#.# #..........
#####.#.######.#########
#.#.##............#
#.#.##............#
#.#.##..=.........######
#.#......@.............#
#.####....g.......####.#
##### #.# #........##'##
##'## #...# #.#
#........#...# #...#
#...# #.# #........#.†.#
#...# #...###.#
#.(......#...# #...##
#.......# #........#...#
#...#.
#...########........#...#
#...#.
#.)..............####...#
#...##


You could see a gnoll sergeant.

Vanquished Creatures
  Jessica (D:2)
  3 gnolls
  6 adders
  A worm (D:3)
  2 orcs (D:3)
  A bat (D:2)
  4 endoplasms
  3 giant cockroaches
  A goblin (D:1)
  9 hobgoblins
  3 quokkas
  5 ball pythons
  3 frilled lizards
  5 kobolds
  3 rats
50 creatures vanquished.

Notes
Turn   | Place    | Note
-------+----------+-------------------------------------------
     0 | D:1      | dialectric the Gargoyle Fighter began the quest for the
                  | Orb.
     0 | D:1      | Reached XP level 1. HP: 14/14 MP: 1/1
   173 | D:1      | Reached XP level 2. HP: 10/19 MP: 2/2
   827 | D:2      | Reached XP level 3. HP: 21/24 MP: 3/3
   982 | D:2      | Noticed Jessica
   988 | D:2      | Killed Jessica
   989 | D:2      | Reached XP level 4. HP: 24/29 MP: 4/4
  1488 | D:3      | Noticed a gnoll sergeant
  1677 | D:3      | Reached XP level 5. HP: 30/33 MP: 5/5
  1878 | D:3      | Found a faded altar of an unknown god.
  2136 | D:2      | Slain by a gnoll sergeant

Illustrated notes

Levels and vault maps discovered:
D:1:      reono_arrival_forest_river, layout_basic
D:2:      layout_basic, nrook_uturn, uniq_jessica
D:3:      cheibrodos_helix_gallery, layout_loops_cross,
          hellmonk_ecumenical_altar_leap_of_faith, st_stairs_13,
          small_statue_intersection, chequers_mini_garden,
          kennysheep_generic_room_5

Skill      XL: |  1  2  3  4  5 |
---------------+----------------+-----
Long Blades    | 2 3 |  3.7
Fighting       | 4 |  4.1
Armour         | 4 |  4.2
Dodging        | |  0.5
Shields        | |  3.2

Action                     |  1- 3 |  4- 6 || total
---------------------------+-------+-------++-------
  Melee: Long sword        |    72 |   150 ||   222
  Throw: Javelin           |     1 |       ||     1
 Armour: Scale mail        |    34 |    97 ||   131
  Dodge: Dodged            |    43 |    97 ||   140

Table legend: (Time is in decaauts)
 A = Elapsed time spent in this place.
 B = Non-inter-level travel time spent in this place.
 C = Inter-level travel time spent in this place.
 D = Time resting spent in this place.
 E = Time spent auto-exploring this place.
 F = Levels seen in this place.
 G = Mean time per level.
                   A        B        C        D        E       F      G
               +--------+--------+--------+--------+--------+-----+--------+
         Total |   2205 |   2127 |     78 |    148 |   1391 |   3 |  735.0 |
       Dungeon |   2205 |   2127 |     78 |    148 |   1391 |   3 |  735.0 |
               +--------+--------+--------+--------+--------+-----+--------+

Top non-repeatable levels by time:
     D:1: 748 daAuts
     D:3: 748 daAuts
     D:2: 708 daAuts
